 Dungeon Crawl Stone Soup version 0.27-a0-1308-gc08437e49b (console) character file.

Game seed: 6817736472565674630

3910 jejorda2 the Carver (level 10, -1/114 HPs)
             Began as a Merfolk Berserker on June 19, 2021.
             Was an Elder of Trog.
             Slain by a two-headed ogre (18 damage)
             ... on level 8 of the Dungeon.
             The game lasted 00:14:49 (9000 turns).

jejorda2 the Carver (Merfolk Berserker)             Turns: 9000, Time: 00:14:49

Health: -1/114     AC: 15    Str: 17    XL:     10   Next: 20%
Magic:  10/10      EV:  8    Int:  6    God:    Trog [****..]
Gold:   135        SH:  0    Dex: 20    Spells: 9/9 levels left

rFire    + . .     SeeInvis .   a - +0 long sword
rCold    . . .     Faith    .   (no shield)
rNeg     + + +     Spirit   .   v - +1 chain mail of Haar {rElec rN+++ Str-4 Stlth+}
rPois    +         Reflect  .   u - +0 helmet
rElec    +         Harm     .   (no cloak)
rCorr    .         Rampage  .   t - +2 pair of gloves {Dex+3}
Will     +....                  (no boots)
Stlth    ..........             (no amulet)
HPRegen  0.29/turn              b - +4 ring of slaying
MPRegen  0.12/turn              c - ring of Xaag {rPois rF+ Will+ Dex+3}

@: berserking, very quick
A: (nimble swimmer 2), mertail
a: Renounce Religion, Berserk, Trog's Hand, Brothers in Arms


You were on level 8 of the Dungeon.
You worshipped Trog.
Trog was greatly pleased with you.
You visited 1 branch of the dungeon, and saw 8 of its levels.

You collected 342 gold pieces.
You spent 207 gold pieces at shops.

Inventory:

Hand Weapons
 a - a +0 long sword (weapon)
 j - a +0 morningstar
Missiles
 h - a curare-tipped dart
 l - a throwing net
 n - 31 poisoned darts (quivered)
Armour
 t - a +2 pair of gloves of dexterity (worn)
 u - a +0 helmet (worn)
 v - the +1 chain mail of Haar (worn) {rElec rN+++ Str-4 Stlth+}
   (You found it on level 4 of the Dungeon)

   It affects your strength (-4).
   It insulates you from electricity.
   It renders you almost immune to negative energy.
   It makes you more stealthy.
Jewellery
 b - a +4 ring of slaying (left hand)
 c - the ring of Xaag (right hand) {rPois rF+ Will+ Dex+3}
   (You acquired it on level 5 of the Dungeon)

   [ring of protection from fire]

   It affects your dexterity (+3).
   It protects you from fire.
   It protects you from poison.
   It increases your willpower.
Wands
 s - a wand of flame (5)
Scrolls
 e - a scroll of blinking
 i - 4 scrolls of fog
 p - 5 scrolls of teleportation
 w - a scroll of magic mapping
Potions
 d - 2 potions of haste
 f - 3 potions of curing
 g - a potion of lignification
 k - a potion of resistance
 m - a potion of heal wounds
 o - a potion of degeneration {unknown}
 q - 2 potions of flight
 r - 3 potions of might
 x - a potion of cancellation {unknown}
 z - a potion of invisibility {unknown}


   Skills:
 - Level 6.0 Fighting
 * Level 12.5 Long Blades
 - Level 6.0 Armour
 - Level 2.6 Dodging


You had 9 spell levels left.
You didn't know any spells.
Your spell library was empty.

Dungeon Overview and Level Annotations

Branches:
Dungeon (8/15)             Temple (0/1) D:5
   Lair: D:8-11

Altars:

Shops:
D:1 *   D:4 *:[


Innate Abilities, Weirdness & Mutations

((You are quick and stealthy near water. (Stealth+, EV+, Speed+++)))
Your lower body shifts to a powerful aquatic tail in water.


Message History

Found 13 gold pieces.
Items here: ) [.
You barely miss the wight. The wight closely misses you.
Your chain mail of Haar prevents you from hitting the wight.
You slash the wight!
The wight is severely damaged.
The wight hits you with a +3 halberd of freezing!
The wight freezes you.
You hit the wight but do no damage.
The wight is severely damaged.
The wight hits you with a +3 halberd of freezing.
The wight freezes you.
You hit the wight.
You destroy the wight!
Trog accepts your kill. The wight hits you but does no damage.
Items here: ) [.
You slash the two-headed ogre!
The two-headed ogre is moderately wounded.
The two-headed ogre hits you with a +0 giant spiked club!!
The two-headed ogre hits you with a +0 giant club.
You are too injured to fight recklessly!
You are too injured to fight recklessly!
You are too injured to fight recklessly!
You are too injured to fight recklessly!
A red film seems to cover your vision as you go berserk!
You feel yourself moving faster!
You feel mighty! The wight hits you but does no damage.
The two-headed ogre hits you with a +0 giant spiked club!!
* * * LOW HITPOINT WARNING * * *
The two-headed ogre hits you with a +0 giant club.
* * * LOW HITPOINT WARNING * * *
You slash the two-headed ogre!
The two-headed ogre is heavily wounded.
The wight hits you with a +4 battleaxe.
* * * LOW HITPOINT WARNING * * *
You slash the two-headed ogre!
The two-headed ogre is severely wounded.
The two-headed ogre hits you with a +0 giant spiked club!!
You die...

..............(..................
...####.###........!..#.#...[....
#.#...#........#.................
.................................
#.#.#.#........#.. .......##....
..#.#....#####.#.# ..#..## #....
..#.#....# #.#.##.#... ##...
..#.#....# #.)........ .....
..#......#####..@z...... #.....
#.#..........#...O...... ......
#.##.........#.......... .....
#............#........$. ......
.............#.......... #.....
.............#(......... #.....
#####†.......#.......... . .....
####.......###.#........ #.##...
##.....#..... .......


You could see a two-headed ogre and a wight.

Vanquished Creatures
  An ugly thing (D:8)
  A hornet (D:8)
  Prince Ribbit (D:6)
  Eustachio (D:5)
  A basilisk (D:8)
  A water moccasin (D:6)
  An orc warrior (D:6)
  A hornet zombie (D:7)
  2 sky beasts (D:6)
  An ice beast (D:7)
  2 necrophages
  3 centaurs
  An ogre (D:3)
  2 kobold brigands
  2 wyvern zombies
  A scorpion (D:5)
  2 bullfrogs
  7 wights
  A howler monkey (D:6)
  2 centaur zombies
  An orc priest (D:7)
  2 jellies
  5 bullfrog skeletons
  3 hounds
  Natasha (twice) (D:2)
  Terence (D:2)
  5 iguanas
  4 orc wizards
  A hound zombie (D:3)
  A hound skeleton (D:4)
  A gnoll (D:1)
  6 adders
  A shadow imp (D:6)
  2 white imps
  An adder skeleton (D:2)
  A worm (D:2)
  5 dart slugs
  17 orcs
  6 ball pythons
  2 bats
  5 endoplasms
  3 giant cockroaches
  7 goblins
  8 hobgoblins
  13 jackals
  2 quokkas (D:2)
  2 frilled lizards
  10 kobolds
  5 rats
156 creatures vanquished.

Vanquished Creatures (collateral kills)
  A cyclops (D:8)
1 creature vanquished.

Grand Total: 157 creatures vanquished

Notes
Turn   | Place    | Note
-------+----------+-------------------------------------------
     0 | D:1      | jejorda2 the Merfolk Berserker began the quest for the Orb.
     0 | D:1      | Reached XP level 1. HP: 18/18 MP: 1/1
   141 | D:1      | Reached XP level 2. HP: 24/24 MP: 2/2
   497 | D:1      | Reached skill level 4 in Long Blades
   497 | D:1      | Reached XP level 3. HP: 30/30 MP: 3/3
   524 | D:1      | Found Duywnoa's Assorted Antiques.
   740 | D:2      | Found a faded altar of an unknown god.
   839 | D:2      | Noticed Terence
   856 | D:2      | Killed Terence
   856 | D:2      | Reached ** piety under Trog
   857 | D:2      | Reached XP level 4. HP: 31/37 MP: 4/4
  1107 | D:2      | Noticed Natasha
  1133 | D:2      | Killed Natasha
  1200 | D:2      | Noticed Natasha
  1219 | D:2      | Reached skill level 5 in Long Blades
  1219 | D:2      | Reached XP level 5. HP: 28/42 MP: 5/5
  1323 | D:2      | Killed Natasha
  2051 | D:3      | Reached XP level 6. HP: 40/49 MP: 6/6
  2636 | D:3      | Reached skill level 6 in Long Blades
  2831 | D:4      | Reached *** piety under Trog
  2856 | D:4      | Noticed a necrophage
  2866 | D:4      | Killed a necrophage
  2867 | D:4      | Reached skill level 5 in Fighting
  2867 | D:4      | Reached XP level 7. HP: 52/56 MP: 7/7
  2876 | D:4      | Found Izxaemer's Antique Armour Boutique.
  2879 | D:4      | Identified the +1 chain mail of Haar {rElec rN+++ Str-4
                  | Stlth+}
  3354 | D:4      | Found Qeecw's General Store.
  3366 | D:4      | Bought a scroll of identify for 20 gold pieces
  3449 | D:4      | Found Jeuheck's Book Shoppe.
  3576 | D:5      | Entered Level 5 of the Dungeon
  3577 | D:5      | Identified a scroll of acquirement
  3577 | D:5      | Acquired the ring of Xaag {rPois rF+ Will+ Dex+3}
  4014 | D:5      | Reached skill level 7 in Long Blades
  4112 | D:5      | Noticed Eustachio
  4136 | D:5      | Killed Eustachio
  4199 | D:5      | Reached XP level 8. HP: 60/64 MP: 8/8
  4232 | D:5      | Found a staircase to the Ecumenical Temple.
  4666 | D:5      | Reached skill level 8 in Long Blades
  5256 | D:6      | Noticed Prince Ribbit
  5270 | D:6      | Killed Prince Ribbit
  5446 | D:6      | Reached skill level 9 in Long Blades
  5905 | D:6      | Reached XP level 9. HP: 64/69 MP: 9/9
  5966 | D:6      | Reached **** piety under Trog
  5967 | D:6      | Reached skill level 10 in Long Blades
  6264 | D:6      | Reached skill level 5 in Armour
  6637 | D:4      | Bought a pair of runed gloves for 187 gold pieces
  7542 | D:7      | Reached skill level 11 in Long Blades
  8343 | D:8      | Noticed a purple ugly thing
  8343 | D:8      | Noticed a cyclops
  8351 | D:8      | Killed a purple ugly thing
  8353 | D:8      | Killed a cyclops
  8354 | D:8      | Reached XP level 10. HP: 76/76 MP: 10/10
  8455 | D:8      | Reached skill level 12 in Long Blades
  8990 | D:8      | Noticed a two-headed ogre
  9000 | D:8      | Slain by a two-headed ogre

Illustrated notes

Levels and vault maps discovered:
D:1:      tarquinn_simple_flora_water_c, layout_loops_ring, serial_shops,
          nicolae_shop_statue_plus, st_stairs_2, minmay_pentomino_p2
D:2:      layout_rooms, ebering_ecumenical_altar_petrified, st_stairs_9,
          uniq_terence, uniq_natasha
D:3:      kennysheep_six_static_rooms, layout_basic
D:4:      layout_rooms, serial_corexii_hall, corexii_hall_statues_i,
          chequers_hall_statues_wall_a, serial_shops, nicolae_lakefront_shop,
          nicolae_lakefront_shop, shop
D:5:      layout_loops_corners, minmay_temple_entry_tees, uniq_eustachio
D:6:      minmay_general_purpose_star, layout_loops_ring, uniq_prince_ribbit1
D:7:      layout_layer_cave, grunt_ministairs_14, corexii_hall_statues_s
D:8:      minmay_diamond_stairs, layout_basic

Skill      XL: |  1  2  3  4  5  6  7  8  9 10 |
---------------+-------------------------------+-----
Long Blades    | 4 5 6 7 9 11 12 | 12.5
Armour         | 2 3 4 5 6 |  6.0
Fighting       | 4 5 6 |  6.0
Dodging        | |  2.6

Action                   |  1- 3 |  4- 6 |  7- 9 | 10-12 || total
-------------------------+-------+-------+-------+-------++-------
Melee: Falchion          |    74 |   114 |   246 |       ||   434
       Long sword        |       |       |    87 |    65 ||   152
Invok: Berserk           |     2 |     3 |     6 |     1 ||    12
       Trog's Hand       |       |       |     1 |       ||     1
       Brothers in Arms  |       |       |     1 |       ||     1
  Use: Scroll            |       |       |    17 |     1 ||    18
 Stab: Distracted        |       |       |     1 |       ||     1
Armor: Ring mail         |    21 |       |       |       ||    21
       Chain mail        |       |    59 |   197 |    28 ||   284
Dodge: Dodged            |    32 |    37 |   120 |    21 ||   210
       Rpst.: Falchion   |     9 |    16 |    19 |       ||    44
       Long sword        |       |       |     3 |     6 ||     9

Table legend: (Time is in decaauts)
 A = Elapsed time spent in this place.
 B = Non-inter-level travel time spent in this place.
 C = Inter-level travel time spent in this place.
 D = Time resting spent in this place.
 E = Time spent auto-exploring this place.
 F = Levels seen in this place.
 G = Mean time per level.
                   A        B        C        D        E       F      G
               +--------+--------+--------+--------+--------+-----+--------+
         Total |   9067 |   8471 |    596 |    471 |   6803 |   8 | 1133.4 |
       Dungeon |   9067 |   8471 |    596 |    471 |   6803 |   8 | 1133.4 |
               +--------+--------+--------+--------+--------+-----+--------+

Top non-repeatable levels by time:
     D:5: 1770 daAuts
     D:7: 1658 daAuts
     D:3: 1322 daAuts
     D:6: 1310 daAuts
     D:2: 1000 daAuts
     D:1: 790 daAuts
     D:8: 629 daAuts
     D:4: 585 daAuts
